 Dungeon Crawl Stone Soup version 0.21.1-1-g345015f (webtiles) character file.

695 Kuinu the Chopper (level 7, -4/61 HPs)
             Began as a Minotaur Fighter on July 18, 2018.
             Killed from afar by an electric eel (9 damage)
             ... with a bolt of electricity
             ... on level 5 of the Dungeon.
             The game lasted 00:13:36 (4268 turns).

Kuinu the Chopper (Minotaur Fighter)                Turns: 4268, Time: 00:13:40

Health: -4/61      AC:  7    Str: 22    XL:     7   Next: 37%
Magic:  6/6        EV:  8    Int:  5    God:
Gold:   192        SH: 13    Dex: 10    Spells: 6/6 levels left

rFire    . . .     SeeInvis .   a - +1 war axe
rCold    . . .     Gourm    .   c - +0 shield
rNeg     . . .     Faith    .   b - +0 scale mail
rPois    +         Spirit   .   (helmet restricted)
rElec    .         Reflect  +   (no cloak)
rCorr    .         Harm     .   (no gloves)
MR       .....                  (no boots)
Stlth    ..........             s - +3 amulet of reflection
HPRegen  0.20/turn              m - ring of poison resistance
MPRegen  0.10/turn              (no ring)

@: very slightly contaminated
A: retaliatory headbutt, horns 2
a: no special abilities


You were on level 5 of the Dungeon.
You were not hungry.

You visited 1 branch of the dungeon, and saw 5 of its levels.

You collected 192 gold pieces.

Inventory:

Hand Weapons
 a - a +1 war axe (weapon)
Missiles
 B - 2 throwing nets (quivered)
Armour
 b - a +0 scale mail (worn)
 c - a +0 shield (worn)
 g - a cursed +0 buckler
Jewellery
 m - a ring of poison resistance (left hand)
 s - a +3 amulet of reflection (around neck)
Wands
 n - a wand of flame (34)
 F - a wand of random effects (26)
Scrolls
 h - 4 scrolls of teleportation
 k - a scroll of fog
 p - a scroll of fear {unknown}
 r - 2 scrolls of magic mapping {unknown}
 u - 2 scrolls of immolation {unknown}
 w - a scroll of amnesia {unknown}
 x - 2 scrolls of remove curse {unknown}
 y - 2 scrolls of enchant armour {unknown}
Potions
 d - 2 potions of might
 e - a potion of agility {unknown}
 i - 2 potions of haste {unknown}
 l - 2 potions of curing {unknown}
 o - a potion of mutation {unknown}
 q - a potion of degeneration {unknown}
 t - 2 potions of berserk rage {unknown}
 v - a potion of heal wounds {unknown}
 z - 3 potions of flight {unknown}
 A - a potion of invisibility {unknown}
 C - 2 potions of resistance {unknown}
 D - a potion of brilliance {unknown}
Comestibles
 f - 8 rations


   Skills:
 + Level 5.6 Fighting
 * Level 6.6 Axes
 + Level 5.7 Armour
 + Level 5.6 Shields


You had 6 spell levels left.
You didn't know any spells.

Dungeon Overview and Level Annotations

Branches:
Dungeon (5/15)
 Temple: D:4-7

Altars:
Elyvilon
Qazlal

Annotations:
D:5 1 transporter


Innate Abilities, Weirdness & Mutations

You reflexively headbutt those who attack you in melee.
You have a pair of horns on your head.


Message History

The bolt of electricity hits you!
The electric eel shoots out a bolt of lightning at you!
The bolt of electricity hits you!
The electric eel shoots out a bolt of lightning at you!
The bolt of electricity hits you!
The electric eel shoots out a bolt of lightning at you!
The bolt of electricity hits you!
You open the door.
The electric eel shoots out a bolt of lightning at you!
The bolt of electricity hits the electric eel.
The electric eel completely resists.
The bolt of electricity hits you!
* * * LOW HITPOINT WARNING * * *
The bolt of electricity misses you.
The electric eel shoots out a bolt of lightning at you!
The bolt of electricity hits the plant.
The bolt of electricity hits you!
* * * LOW HITPOINT WARNING * * *
The electric eel shoots out a bolt of lightning at you!
The bolt of electricity hits the electric eel.
The electric eel completely resists.
The bolt of electricity hits you!
You die...

###...)..##..##..#....#
#..##...#......#....#
#..##...#..##..#....#
#...#...#..##.......#
+...+...#.....©.....#
#..##...#..#######..#
#.. #...#..#8.©.8#..#
....#..#P.!.P#..#
....#..###@###..#
.....#..#≈≈≈≈≈#..#
#..#≈P≈≈≈#..#
#..#≈≈≈≈≈#..#
#..#≈;⌠≈≈#..#
#..#≈≈P≈≈#..#
#..#;...≈#..#
#..#≈...≈#..#
#..###'###..#


You could see 2 electric eels.

Vanquished Creatures
  2 ogres
  A bullfrog zombie (D:5)
  An orc priest (D:3)
  A hound (D:3)
  Jessica (D:2)
  3 orc wizards (D:4)
  4 worker ants
  7 gnolls
  3 adders
  2 oozes
  An adder skeleton (D:4)
  An adder zombie (D:5)
  4 worms
  A dart slug (D:3)
  A leopard gecko (D:1)
  13 orcs
  3 ball pythons
  5 giant cockroaches
  7 goblins
  9 hobgoblins
  6 jackals
  8 kobolds
  4 quokkas
  6 bats
  4 frilled lizards
  A quokka skeleton (D:4)
  A quokka zombie (D:5)
  5 rats
105 creatures vanquished.

Vanquished Creatures (others)
  An orc (D:4)
1 creature vanquished.

Grand Total: 106 creatures vanquished

Notes
Turn   | Place    | Note
-------+----------+-------------------------------------------
     0 | D:1      | Kuinu the Minotaur Fighter began the quest for the Orb.
     0 | D:1      | Reached XP level 1. HP: 19/19 MP: 0/0
    55 | D:1      | Reached XP level 2. HP: 27/27 MP: 1/1
   131 | D:1      | Reached skill level 3 in Axes
   445 | D:1      | Reached XP level 3. HP: 33/33 MP: 2/2
   862 | D:2      | Found a stormy altar of Qazlal.
  1138 | D:2      | Noticed Jessica
  1144 | D:2      | Killed Jessica
  1144 | D:2      | Reached XP level 4. HP: 40/40 MP: 3/3
  1192 | D:2      | Reached skill level 4 in Axes
  1797 | D:3      | Reached XP level 5. HP: 46/47 MP: 4/4
  2012 | D:3      | Found a white marble altar of Elyvilon.
  2627 | D:4      | Reached skill level 5 in Axes
  2631 | D:4      | Reached XP level 6. HP: 35/55 MP: 5/5
  2641 | D:3      | Reached skill level 5 in Armour
  2920 | D:4      | Reached skill level 5 in Fighting
  2920 | D:4      | Reached skill level 5 in Shields
  3121 | D:4      | Reached skill level 6 in Axes
  3194 | D:4      | Reached XP level 7. HP: 53/61 MP: 6/6
  3417 | D:5      | Entered Level 5 of the Dungeon
  3731 | D:5      | Found a transporter.
  3754 | D:5      | Found a transporter.
  4268 | D:5      | Killed from afar by an electric eel

Skill      XL: |  1  2  3  4  5  6 |
---------------+-------------------+-----
Axes           | 3 4 5 6 |  6.6
Fighting       | 4 5 |  5.6
Armour         | 4 5 |  5.7
Shields        | 4 5 |  5.6

Action                   |  1- 3 |  4- 6 |  7- 9 || total
-------------------------+-------+-------+-------++-------
Melee: War axe           |    83 |   145 |    40 ||   268
       Headbutt          |     6 |    21 |     8 ||    35
  Use: Scroll            |       |     4 |     3 ||     7
       Potion            |       |     1 |       ||     1
  Eat: Chunk             |     1 |     1 |       ||     2
       Ration            |       |     2 |     1 ||     3
Armor: Scale mail        |    47 |    43 |    12 ||   102
Dodge: Dodged            |    25 |    49 |     8 ||    82
Block: Shield            |    55 |    96 |    28 ||   179
       Reflection        |       |     5 |       ||     5
